 Dungeon Crawl Stone Soup version 0.27-a0-1188-g73eefd5def (webtiles) character file.

Game seed: 4406098148014506905

2074 Delamore the Basher (level 9, -5/54 HPs)
             Began as a Gargoyle Fighter on May 22, 2021.
             Was a Follower of Qazlal.
             Slain by an ice beast (6 damage)
             ... on level 7 of the Dungeon.
             The game lasted 00:11:52 (8319 turns).

Delamore the Basher (Gargoyle Fighter)              Turns: 8319, Time: 00:11:52

Health: -5/54      AC: 14    Str: 24    XL:     9   Next: 26%
Magic:  9/9        EV:  7    Int:  8    God:    Qazlal [*.....]
Gold:   295        SH: 16    Dex:  9    Spells: 8/8 levels left

rFire    . . .     SeeInvis .   j - +3 whip
rCold    + . .     Faith    .   c - +0 kite shield
rNeg     + + .     Spirit   .   b - +0 scale mail
rPois    ∞         Reflect  +   (no helmet)
rElec    +         Harm     .   m - +0 cloak
rCorr    .         Rampage  .   (no gloves)
Will     .....                  (no boots)
Stlth    ..........             t - amulet of reflection
HPRegen  0.18/turn              r - ring of protection from cold
MPRegen  0.11/turn              n - ring of positive energy

@: studying Shields
A: sickness immunity, AC +6, negative energy resistance 1, electricity
resistance, torment resistance 1, petrification resistance
a: Renounce Religion


You were on level 7 of the Dungeon.
You worshipped Qazlal.
Qazlal was aware of your devotion.
You visited 1 branch of the dungeon, and saw 7 of its levels.

You collected 315 gold pieces.
You spent 20 gold pieces at shops.

Inventory:

Hand Weapons
 a - a +0 flail
 j - a +3 whip (weapon)
Missiles
 A - 28 poisoned darts (quivered)
Armour
 b - a +0 scale mail (worn)
 c - a +0 kite shield (worn)
 m - a +0 cloak (worn)
Jewellery
 f - an amulet of faith
 n - a ring of positive energy (right hand)
 r - a ring of protection from cold (left hand)
 t - an amulet of reflection (around neck)
Wands
 s - a wand of mindburst (18)
 v - a wand of acid (3)
 x - a wand of flame (19)
 y - a wand of digging (4)
 B - a wand of iceblast (7)
Scrolls
 e - 2 scrolls of amnesia
 g - a scroll of brand weapon {unknown}
 k - a scroll of teleportation {unknown}
 o - a scroll of blinking {unknown}
 p - a scroll of magic mapping
 z - a scroll of immolation
Potions
 d - 3 potions of might
 i - a potion of flight
 l - 2 potions of heal wounds {unknown}
 q - a potion of brilliance {unknown}
 u - 2 potions of haste {unknown}
 w - a potion of invisibility {unknown}


   Skills:
 - Level 5.0 Fighting
 + Level 10.6 Maces & Flails
 + Level 2.3 Throwing
 - Level 3.2 Armour
 - Level 5.0 Shields


You had 8 spell levels left.
You didn't know any spells.
Your spell library contained the following spells:

 Spells                   Type           Power      Damage    Failure   Level
 Summon Small Mammal      Summ           0%         N/A       98%         1
 Call Imp                 Summ           0%         N/A       99%         2
 Call Canine Familiar     Summ           0%         N/A       100%        3
 Summon Guardian Golem    Hex/Summ       0%         N/A       100%        3
 Summon Ice Beast         Ice/Summ       0%         N/A       100%        4
 Summon Lightning Spire   Summ/Air       0%         N/A       100%        4


Dungeon Overview and Level Annotations

Branches:
Dungeon (7/15)             Temple (0/1) D:5

Altars:
Dithmenos
Fedhas
Qazlal
Uskayaw
Xom
Zin

Shops:
D:1 *   D:7 *


Innate Abilities, Weirdness & Mutations

You are immune to sickness and miasma.
Your stone body is resilient. (AC +6)
You are immune to poison.
You resist negative energy. (rN+)
You are resistant to electric shocks. (rElec)
You are resistant to unholy torment.
You are immune to petrification.


Message History

You whack the killer bee!
The killer bee is almost dead.
The killer bee stings you.
* * * LOW HITPOINT WARNING * * *
You block the ice beast's attack. You block the orc's attack.
The orc completely misses you.
Something hits the bush but does no damage.
You miss the killer bee.
The killer bee is almost dead.
You block the killer bee's attack. You block the orc's attack.
You block the ice beast's attack. The orc hits you but does no damage.
The killer bee stings you but does no damage.
The orc hits you but does no damage.
You miss the killer bee.
The killer bee is almost dead.
You block the killer bee's attack.
Something hits the bush but does no damage.
The orc hits you but does no damage. You block the orc's attack.
You block the ice beast's attack.
You closely miss the killer bee.
The killer bee is almost dead.
The killer bee stings you.
* * * LOW HITPOINT WARNING * * *
You block the orc's attack.
Something hits the bush but does no damage.
The killer bee stings you but does no damage.
You block the orc's attack.
You miss the killer bee.
The killer bee is almost dead.
You block the killer bee's attack. You block the ice beast's attack.
The orc barely misses you. The orc hits you with a +0 mace.
* * * LOW HITPOINT WARNING * * *
Something hits the bush but does no damage.
You miss the killer bee.
The killer bee is almost dead.
You block the killer bee's attack. You block the orc's attack.
You block the killer bee's attack. The ice beast hits you.
* * * LOW HITPOINT WARNING * * *
The ice beast freezes you. You resist.
You die...

.##.....#.......#......#
.##.....#.......#.....##
.########.......#.....#
.## #.......#.....# ..#
#.......#.....# ..#
#.......# ..# ..#
#.......# .. ###.
####......y##o####.
.##..#.....#####@Yo.....
.#...'.....# #oo......
.#...#.....# #h.......
.#.. #.....#


PPPPPPP.P .#. #.....# P........ .### #.....# P.PPP.PPP ...# ####### P.. .P ...#
P.P P ...# You could see an ice beast, a howler monkey, a killer bee and 4 orcs.

Vanquished Creatures
  A wyvern (D:7)
  A steam dragon (D:4)
  3 water moccasins
  An orc warrior (D:6)
  An ice beast (D:7)
  2 necrophages
  A sky beast (D:5)
  A centaur (D:6)
  An ogre (D:6)
  2 scorpions
  A wyvern zombie (D:7)
  A wyvern skeleton (D:6)
  A water moccasin skeleton (D:4)
  3 killer bees (D:7)
  4 hounds
  2 orc priests (D:6)
  A jelly (D:6)
  2 iguanas
  2 orc wizards
  A howler monkey skeleton (D:6)
  A gnoll (D:3)
  4 adders
  A white imp (D:4)
  A worm (D:2)
  5 dart slugs
  18 orcs
  8 ball pythons
  5 bats
  4 endoplasms (D:1)
  3 giant cockroaches
  4 goblins
  10 hobgoblins
  5 jackals
  7 kobolds
  4 quokkas
  3 frilled lizards
  7 rats
122 creatures vanquished.

Notes
Turn   | Place    | Note
-------+----------+-------------------------------------------
     0 | D:1      | Delamore the Gargoyle Fighter began the quest for the Orb.
     0 | D:1      | Reached XP level 1. HP: 14/14 MP: 1/1
   126 | D:1      | Reached XP level 2. HP: 18/19 MP: 2/2
   413 | D:1      | Found a faded altar of an unknown god.
   523 | D:1      | Found Huboocy's General Store.
   528 | D:1      | Bought a scroll of identify for 20 gold pieces
   679 | D:1      | Reached XP level 3. HP: 22/24 MP: 3/3
  1538 | D:2      | Found a hide-covered altar of Uskayaw.
  1724 | D:2      | Reached XP level 4. HP: 21/29 MP: 4/4
  1982 | D:2      | Reached skill level 3 in Maces & Flails
  2147 | D:3      | You fall into a shaft and drop 3 floors!
  2154 | D:6      | Noticed a water moccasin
  2166 | D:6      | Noticed a scorpion
  2180 | D:6      | Killed a water moccasin
  2181 | D:6      | Reached XP level 5. HP: 6/34 MP: 5/5
  2303 | D:6      | Reached XP level 6. HP: 18/40 MP: 6/6
  2465 | D:6      | Noticed a necrophage
  2491 | D:6      | Killed a necrophage
  2492 | D:6      | Reached skill level 5 in Fighting
  2492 | D:6      | Reached skill level 4 in Maces & Flails
  2492 | D:6      | Reached skill level 5 in Shields
  2801 | D:5      | Entered Level 5 of the Dungeon
  2932 | D:5      | Found a shadowy altar of Dithmenos.
  3275 | D:4      | Reached skill level 5 in Maces & Flails
  3275 | D:4      | Reached XP level 7. HP: 44/44 MP: 7/7
  3750 | D:3      | Found a large runed translucent door.
  3751 | D:3      | Found a large runed translucent door.
  4036 | D:3      | Found a stormy altar of Qazlal.
  4372 | D:3      | Became a worshipper of Qazlal Stormbringer
  4486 | D:3      | Found a shimmering altar of Xom.
  4496 | D:3      | Found a blossoming altar of Fedhas.
  4601 | D:4      | Noticed a steam dragon
  4607 | D:4      | Killed a steam dragon
  4608 | D:4      | Reached skill level 6 in Maces & Flails
  4632 | D:4      | Reached skill level 7 in Maces & Flails
  5121 | D:5      | Found a staircase to the Ecumenical Temple.
  5131 | D:5      | Reached XP level 8. HP: 47/49 MP: 8/8
  5231 | D:5      | Reached skill level 8 in Maces & Flails
  6500 | D:6      | Reached skill level 9 in Maces & Flails
  7088 | D:6      | Identified the +7 hunting sling of a treasure trove {speed,
                  | Fly rF+ rC- Will+ Int+3}
  7319 | D:6      | Reached * piety under Qazlal
  7767 | D:7      | Noticed a wyvern
  7777 | D:7      | Killed a wyvern
  7778 | D:7      | Reached skill level 10 in Maces & Flails
  7778 | D:7      | Reached XP level 9. HP: 49/54 MP: 9/9
  7817 | D:7      | Found Zin's Purification Station.
  7822 | D:7      | Found a glowing silver altar of Zin.
  7868 | D:7      | Reached skill level 1 in Throwing
  8319 | D:7      | HP: 1/54 [ice beast (4)]
  8319 | D:7      | Slain by an ice beast

Illustrated notes

Levels and vault maps discovered:
D:1:      dpeg_arrival_signposts, layout_loops_ring, serial_shops, shop,
          ebering_ecumenical_altar_hall, minmay_pentomino_q4
D:2:      layout_loops_cross, basic_altar, dk_noncrumbling_2, serial_park_tiny_2
D:3:      layout_basic, lemuel_coloured_pillars_altar, jmf_multi_god_temple2
D:4:      layout_gridville, minmay_manual_mullet
D:5:      layout_rooms, nicolae_overflow_crystal_walls,
          minmay_temple_entry_arrows, serial_glass, glass_columns_a,
          glass_columns_a
D:6:      layout_gridville, moated_statue, amcnicky_mini_corridor_feature,
          kennysheep_crisscross, ebering_dispersal_statue_hall
D:7:      lemuel_ice_statue, layout_gridville, zin_purify, serial_shops,
          kennysheep_little_box, minmay_hedge_maze

Skill      XL: |  1  2  3  4  5  6  7  8  9 |
---------------+----------------------------+-----
Shields        | 4 5 |  5.0
Fighting       | 4 5 |  5.0
Maces & Flails | 3 5 7 10 | 10.6
Throwing       | 2 |  2.3
Armour         | |  3.2

Action                   |  1- 3 |  4- 6 |  7- 9 || total
-------------------------+-------+-------+-------++-------
Melee: Flail             |   106 |       |       ||   106
       Whip              |    30 |   105 |   414 ||   549
Throw: Dart              |       |       |     7 ||     7
Evoke: Wand              |       |       |     3 ||     3
  Use: Scroll            |     1 |       |     4 ||     5
       Potion            |       |     1 |     1 ||     2
Armor: Scale mail        |    71 |    43 |   176 ||   290
Dodge: Dodged            |    33 |    23 |   109 ||   165
Block: Kite shield       |    72 |    47 |   364 ||   483
       Reflection        |       |       |     6 ||     6

Table legend: (Time is in decaauts)
 A = Elapsed time spent in this place.
 B = Non-inter-level travel time spent in this place.
 C = Inter-level travel time spent in this place.
 D = Time resting spent in this place.
 E = Time spent auto-exploring this place.
 F = Levels seen in this place.
 G = Mean time per level.
                   A        B        C        D        E       F      G
               +--------+--------+--------+--------+--------+-----+--------+
         Total |   8370 |   7807 |    563 |   1952 |   4590 |   7 | 1195.7 |
       Dungeon |   8370 |   7807 |    563 |   1952 |   4590 |   7 | 1195.7 |
               +--------+--------+--------+--------+--------+-----+--------+

Top non-repeatable levels by time:
     D:6: 1945 daAuts
     D:5: 1556 daAuts
     D:3: 1261 daAuts
     D:1: 1234 daAuts
     D:2: 929 daAuts
     D:4: 888 daAuts
     D:7: 554 daAuts
